 Dungeon Crawl Stone Soup version 0.20.1-1-g8b1a95d (webtiles) character file.

9201 wyrdjoy the Severer (level 11, -9/82 HPs)
             Began as a Minotaur Berserker on July 29, 2017.
             Was a High Priest of Trog.
             Killed from afar by an electric eel (15 damage)
             ... with a bolt of electricity
             ... on level 10 of the Dungeon.
             The game lasted 00:18:18 (8400 turns).

wyrdjoy the Severer (Minotaur Berserker)            Turns: 8400, Time: 00:18:19

Health: -9/82      AC: 14    Str: 25    XL:     11   Next: 19%
Magic:  19/19      EV: 11    Int:  4    God:    Trog [*****.]
Gold:   590        SH:  0    Dex: 10    Spells: 10/10 levels left

rFire    . . .     SeeInvis .   x - +2 hand axe (elec)
rCold    . . .     Gourm    +   (no shield)
rNeg     . . .     Faith    .   k - +0 plate armour
rPois    .         Spirit   .   (helmet restricted)
rElec    .         Reflect  .   p - +0 cloak
rCorr    .         Harm     .   (no gloves)
MR       .....                  J - +1 pair of boots "Hunalimas" {MP+9}
Stlth    ..........             B - amulet of the gourmand
Regen    0.3/turn               G - +2 ring of slaying
MPRegen  0.2/turn               s - +4 ring of evasion

@: berserk cooldown, slowed, very slow
A: retaliatory headbutt, horns 2
a: Berserk, Trog's Hand, Brothers in Arms, Burn Spellbooks, Renounce Religion


You were on level 10 of the Dungeon.
You worshipped Trog.
Trog was extremely pleased with you.
You were very full.

You visited 1 branch of the dungeon, and saw 10 of its levels.

You collected 590 gold pieces.

Inventory:

Hand Weapons
 x - a +2 hand axe of electrocution (weapon)
Armour
 k - a +0 plate armour (worn)
 p - a +0 cloak (worn)
 J - the +1 pair of boots "Hunalimas" (worn) {MP+9}
   (You found it on level 7 of the Dungeon)

   It affects your magic capacity (+9).
Jewellery
 b - an uncursed ring of ice
 h - a +2 ring of protection
 s - a +4 ring of evasion (right hand)
 B - an amulet of the gourmand (around neck)
 G - a +2 ring of slaying (left hand)
 H - an uncursed ring of resist corrosion
Wands
 r - a wand of acid (6/15)
 z - a wand of enslavement (7/24)
 K - a wand of polymorph (12/24)
 M - a wand of polymorph (15/24)
 N - a wand of random effects (14/48)
Scrolls
 d - 4 scrolls of enchant weapon
 g - a scroll of identify
 i - a scroll of fog {unknown}
 j - 3 scrolls of remove curse
 m - a scroll of immolation {unknown}
 w - 3 scrolls of teleportation
 y - 2 scrolls of enchant armour {unknown}
 A - a scroll of magic mapping {unknown}
 C - 2 scrolls of recharging {unknown}
 D - 2 scrolls of noise {unknown}
 E - 2 scrolls of fear
 L - 2 scrolls of silence {unknown}
Potions
 a - a potion of mutation {unknown}
 e - 2 potions of lignification {unknown}
 l - 3 potions of haste
 n - 3 potions of curing
 q - 2 potions of heal wounds
 u - a potion of berserk rage {unknown}
 v - a potion of resistance {unknown}
 F - a potion of invisibility
 I - a potion of magic {unknown}
Comestibles
 c - 9 bread rations
 f - 5 meat rations
 o - 17 royal jellies
 t - 3 fruits
 P - 4 chunks of flesh


   Skills:
 - Level 3.6 Fighting
 + Level 19.2 Axes
 - Level 2.4 Armour
 - Level 2.1 Dodging


You had 10 spell levels left.
You didn't know any spells.

Dungeon Overview and Level Annotations

Branches:
Dungeon (10/15)            Temple (0/1) D:4            Lair (0/6) D:9
    Orc: D:9-12

Altars:
Cheibriados
Elyvilon
Hepliaklqana
Makhleb
Okawaru
Sif Muna
Uskayaw
Xom
Yredelemnul
Zin

Shops:
D:9 *


Innate Abilities, Weirdness & Mutations

You reflexively headbutt those who attack you in melee.
You have a pair of horns on your head.


Message History

You have reached level 11!
An orc priest comes into view. It is wielding a club.
The orc priest shouts!
The orc priest invokes the aid of Beogh against you.
Beogh smites you!
* * * LOW HITPOINT WARNING * * *
You feel a strong urge to attack something.
The electric eel shoots out a bolt of lightning at you!
The bolt of electricity hits you!
* * * LOW HITPOINT WARNING * * *
An orc priest opens the door.
You feel your anger subside.
You are no longer berserk.
You are exhausted.
You feel yourself slow down.
The electric eel shoots out a bolt of lightning at you!
The bolt of electricity hits you!
* * * LOW HITPOINT WARNING * * *
The electric eel shoots out a bolt of lightning at you!
The bolt of electricity hits you!
You die...

#..........#
#..........#
#..........#
#..........#
#.[........#
#..........#
#..........#
####...........
.......@.......
≈≈≈≈≈≈≈;≈≈≈≈≈≈≈
≈≈≈≈≈≈≈≈≈≈≈≈≈≈≈
.'#############
.#


You could see an electric eel.

Vanquished Creatures
  Gastronok (D:10)
  Fannar (D:10)
  The ghost of yuiop the Swashbuckler, a journeyman KoBe of Dithmenos (D:9)
  Pikel (D:6)
  Grinder (D:5)
  2 hippogriffs
  A yak (D:9)
  4 hungry ghosts
  Grum (D:9)
  A water moccasin (D:5)
  4 slaves (D:6)
  2 porcupines (D:9)
  3 black bears
  2 ice beasts (D:6)
  A sky beast (D:7)
  4 orc warriors (D:9)
  4 phantoms
  6 ogres
  2 wolves (D:9)
  7 bullfrogs
  4 scorpions
  5 killer bees (D:8)
  A bullfrog zombie (D:9)
  A crimson imp (D:6)
  A quasit (D:8)
  6 jellies
  5 orc priests
  4 orc wizards
  A bullfrog skeleton (D:9)
  A centaur skeleton (D:4)
  A gnoll shaman (D:7)
  4 iguanas
  Crazy Yiuf (D:3)
  Natasha (thrice) (D:3)
  7 worker ants
  15 gnolls
  9 adders
  2 shadow imps
  5 oozes (D:8)
  An adder zombie (D:8)
  4 adder skeletons
  2 worms
  5 dart slugs
  7 leopard geckos
  39 orcs
  A ball python (D:2)
  4 bats
  3 giant cockroaches
  2 goblins
  2 hobgoblins
  10 jackals
  4 kobolds
  4 quokkas
  3 frilled lizards
  A leopard gecko skeleton (D:5)
  A leopard gecko zombie (D:7)
  9 rats
  2 fungi (D:9)
  A plant (D:9)
230 creatures vanquished.

Vanquished Creatures (others)
  6 fungi (D:9)
  A plant (D:9)
7 creatures vanquished.

Grand Total: 237 creatures vanquished

Notes
Turn   | Place    | Note
-------+----------+-------------------------------------------
     0 | D:1      | wyrdjoy the Minotaur Berserker began the quest for the Orb.
     0 | D:1      | Reached XP level 1. HP: 19/19 MP: 0/0
    42 | D:1      | Reached skill level 4 in Axes
   201 | D:1      | Reached XP level 2. HP: 23/26 MP: 1/1
   782 | D:2      | Reached skill level 5 in Axes
   848 | D:2      | Reached XP level 3. HP: 31/31 MP: 2/2
  1019 | D:2      | Reached ** piety under Trog
  1036 | D:2      | Found a deep blue altar of Sif Muna.
  1398 | D:3      | Reached XP level 4. HP: 39/39 MP: 3/3
  1401 | D:3      | Reached skill level 6 in Axes
  1626 | D:3      | Found a hazy altar of Hepliaklqana.
  1636 | D:3      | Reached XP level 5. HP: 45/45 MP: 4/4
  1641 | D:3      | Reached skill level 7 in Axes
  1813 | D:3      | Found a shimmering altar of Xom.
  1831 | D:3      | Noticed Natasha
  1838 | D:3      | Killed Natasha
  1961 | D:3      | Found a runed door.
  2094 | D:3      | Noticed Crazy Yiuf
  2100 | D:3      | Killed Crazy Yiuf
  2100 | D:3      | Reached skill level 8 in Axes
  2475 | D:3      | Noticed Natasha
  2492 | D:3      | Killed Natasha
  2492 | D:3      | Reached XP level 6. HP: 50/51 MP: 5/5
  2565 | D:3      | Noticed Natasha
  2574 | D:3      | Killed Natasha
  2771 | D:4      | Found a burning altar of Makhleb.
  2955 | D:4      | Found a staircase to the Ecumenical Temple.
  3038 | D:4      | Reached skill level 9 in Axes
  3053 | D:4      | Reached *** piety under Trog
  3085 | D:4      | Reached XP level 7. HP: 42/57 MP: 6/6
  3333 | D:4      | Reached skill level 10 in Axes
  3433 | D:5      | Entered Level 5 of the Dungeon
  3586 | D:5      | Reached skill level 11 in Axes
  3665 | D:5      | Reached XP level 8. HP: 47/64 MP: 7/7
  3798 | D:5      | Noticed Grinder
  3805 | D:5      | Killed Grinder
  3805 | D:5      | Reached skill level 12 in Axes
  3900 | D:5      | Found a basalt altar of Yredelemnul.
  3958 | D:6      | Noticed Pikel
  3987 | D:6      | Killed Pikel
  3987 | D:6      | Reached skill level 13 in Axes
  4514 | D:6      | Reached XP level 9. HP: 61/70 MP: 8/8
  4575 | D:6      | Reached skill level 14 in Axes
  4635 | D:6      | Reached **** piety under Trog
  4749 | D:6      | Received a gift from Trog
  4859 | D:6      | Found a snail-covered altar of Cheibriados.
  4865 | D:6      | Found a hide-covered altar of Uskayaw.
  4869 | D:6      | Found a glowing silver altar of Zin.
  5139 | D:7      | Found a white marble altar of Elyvilon.
  5181 | D:7      | Got a pair of ichor-stained boots
  5187 | D:7      | Identified the +1 pair of boots "Hunalimas" {MP+9} (You found it on level 7 of the Dungeon)
  5201 | D:7      | Reached skill level 15 in Axes
  5482 | D:7      | Found an iron altar of Okawaru.
  6195 | D:8      | Reached skill level 16 in Axes
  6836 | D:9      | Noticed yuiop's ghost (journeyman KoBe)
  6844 | D:9      | Killed yuiop's ghost
  6844 | D:9      | Reached XP level 10. HP: 77/77 MP: 9/9
  7060 | D:9      | Reached ***** piety under Trog
  7107 | D:9      | Reached skill level 17 in Axes
  7287 | D:9      | Noticed Grum
  7303 | D:9      | Killed Grum
  7594 | D:9      | Found a staircase to the Lair.
  7808 | D:9      | Got a scorched whip
  7809 | D:9      | Identified the +1 whip of Peril {flame, Int+2} (You found it on level 9 of the Dungeon)
  7869 | D:9      | Reached skill level 18 in Axes
  8118 | D:9      | Found Guotaoc's Assorted Antiques.
  8217 | D:10     | Entered Level 10 of the Dungeon
  8220 | D:10     | Noticed Fannar
  8233 | D:10     | Killed Fannar
  8384 | D:10     | Noticed Gastronok
  8395 | D:10     | Killed Gastronok
  8395 | D:10     | Reached skill level 19 in Axes
  8395 | D:10     | Reached XP level 11. HP: 26/82 MP: 10/10
  8400 | D:10     | Killed from afar by an electric eel

Skill      XL: |  1  2  3  4  5  6  7  8  9 10 |
---------------+-------------------------------+-----
Axes           | 4 5 6 8 9 11 13 16 19 | 19.2
Fighting       | |  3.6
Armour         | |  2.4
Dodging        | |  2.1

Action                   |  1- 3 |  4- 6 |  7- 9 | 10-12 || total
-------------------------+-------+-------+-------+-------++-------
Melee: Hand axe          |    66 |   126 |   333 |   119 ||   644
       Headbutt          |    10 |    21 |    71 |    30 ||   132
Invok: Berserk           |       |     3 |     6 |     5 ||    14
       Burn Spellbooks   |       |     1 |       |       ||     1
  Use: Scroll            |       |       |     9 |     2 ||    11
  Eat: Chunk             |     1 |     7 |    31 |    20 ||    59
       Fruit             |       |       |     1 |       ||     1
Armor: Animal skin       |     5 |       |       |       ||     5
       Plate armour      |    26 |    86 |   111 |    55 ||   278
Dodge: Dodged            |    34 |    44 |   155 |    47 ||   280
